 Dungeon Crawl Stone Soup version 0.30.0 (webtiles) character file.

Game seed: 10624066030401404551

505413 Kenran the Impregnable (level 23, -6/223 HPs)
             Began as a Minotaur Monk on May 6, 2023.
             Was a High Priest of Okawaru.
             Mangled by Tiamat
             ... wielding a +2 demon trident of flaming
              (7 damage)
             ... in the Arena.
             The game lasted 02:49:11 (54530 turns).

Kenran the Impregnable (Minotaur Monk)             Turns: 54530, Time: 02:49:12

Health: -6/223     AC: 41    Str: 25      XL:     23   Next: 83%
Magic:  17/32      EV: 19    Int: 11 (12) God:    Okawaru [*****.]
Gold:   6117       SH: 18    Dex: 13      Spells: 22/22 levels left

rFire   + + .        W - +11 Singing Sword {sonic wave}
rCold   + + .        U - +2 kite shield {rC+}
rNeg    . . .        e - +6 gold dragon scales {rare}
rPois   +            K - +1 hat {Will+}
rElec   .            C - +0 cloak "Ighas" {Contam Rampage +Blink rPois Int+5}
rCorr   .            x - +0 pair of gloves
SInv    .            F - +1 pair of boots {Stlth+}
Will    ++...        g - amulet of regeneration Stlth
                     f - ring of protection from fire
HPRegen 1.37/turn    E - +5 ring of evasion
MPRegen 0.23/turn

%: rampage
@: heroic, finesse-ful, on berserk cooldown, hasted and slowed, duelling
A: horns 2, retaliatory headbutt, clumsy 1
}: 3/15 runes: decaying, serpentine, abyssal
a: Renounce Religion, Evoke Blink, Heroism, Finesse, Duel


You were in the Arena.
You worshipped Okawaru.
Okawaru was extremely pleased with you.
You visited 9 branches of the dungeon, and saw 41 of its levels.
You visited the Abyss 5 times.
You also visited: Sewer and Ice Cave.

You collected 9235 gold pieces.
You spent 3118 gold pieces at shops.


Innate Abilities, Weirdness & Mutations

You have a pair of horns on your head.
You reflexively headbutt those who attack you in melee.
You are clumsy. (Dex -2)


   Skills:
 - Level 22.0(27) Fighting
 - Level 16.0(21.0) Long Blades
 - Level 16.0(21.0) Maces & Flails
 - Level 23.0(27) Armour
 + Level 15.4(20.4) Dodging
 - Level 19.0(24.0) Shields
 - Level 14.0 Invocations
 - Level 16.0 Evocations


You had 22 spell levels left.
You didn't know any spells.
Your spell library contained the following spells:

 Spells                   Type           Power      Damage    Failure   Level
 Apportation              Tloc           0%         N/A       95%         1
 Foxfire                  Conj/Fire      0%         2x1d4     95%         1
 Kiss of Death            Conj/Necr      0%         2d5       95%         1
 Magic Dart               Conj           0%         1d3       95%         1
 Necrotise                Necr           0%         1d4       95%         1
 Slow                     Hex            0%         N/A       95%         1
 Blink                    Tloc           0%         N/A       99%         2
 Cigotuvi's Dreadful Rot  Necr/Pois/Air  0%         N/A       99%         2
 Ensorcelled Hibernation  Hex/Ice        0%         N/A       99%         2
 Passwall                 Tmut/Erth      0%         N/A       99%         2
 Searing Ray              Conj           0%         2d4       99%         2
 Confusing Touch          Hex            0%         N/A       100%        3
 Gell's Gravitas          Tloc           0%         N/A       100%        3
 Ignite Poison            Fire/Tmut/Pois 0%         N/A       100%        3
 Inner Flame              Hex/Fire       0%         N/A       100%        3
 Ozocubu's Armour         Ice            0%         N/A       100%        3
 Portal Projectile        Hex/Tloc       0%         N/A       100%        3
 Swiftness                Air            0%         N/A       100%        3
 Teleport Other           Tloc           0%         N/A       100%        3
 Vampiric Draining        Necr           0%         2d6       100%        3
 Anguish                  Hex/Necr       0%         N/A       100%        4
 Cause Fear               Hex            0%         N/A       100%        4
 Dispel Undead            Necr           0%         3d6       100%        4
 Flame Wave               Conj/Fire      0%         2d4       100%        4
 Fulminant Prism          Conj/Hex       0%         3d5       100%        4
 Leda's Liquefaction      Hex/Erth       0%         N/A       100%        4
 Manifold Assault         Tloc           0%         N/A       100%        4
 Sticky Flame             Conj/Fire      0%         2d3       100%        4
 Agony                    Necr           0%         N/A       100%        5
 Alistair's Intoxication  Tmut/Pois      0%         N/A       100%        5
 Blade Hands              Tmut           0%         N/A       100%        5
 Borgnjor's Vile Clutch   Necr/Erth      0%         N/A       100%        5
 Fireball                 Conj/Fire      0%         3d3       100%        5
 Freezing Cloud           Conj/Ice/Air   0%         6-21      100%        5
 Lee's Rapid Deconstruct  Erth           0%         3d4*      100%        5
 Metabolic Englaciation   Hex/Ice        0%         N/A       100%        5
 Conjure Ball Lightning   Conj/Air       0%         3x3d6     100%        6
 Dispersal                Tloc           0%         N/A       100%        6
 Eringya's Noxious Bog    Tmut/Pois      0%         N/A       100%        6
 Iron Shot                Conj/Erth      0%         9d1       100%        6
 Plasma Beam              Fire/Air       0%         2x1d11    100%        6
 Starburst                Conj/Fire      0%         6d3       100%        6
 Statue Form              Tmut/Erth      0%         N/A       100%        6
 Dragon Form              Tmut           0%         N/A       100%        7
 Enfeeble                 Hex            0%         N/A       100%        7
 Storm Form               Tmut/Air       0%         N/A       100%        7
 Discord                  Hex            0%         N/A       100%        8
 Disjunction              Tloc           0%         N/A       100%        8
 Ignition                 Fire           0%         3d3       100%        8
 Summon Small Mammal      Summ           Unusable   N/A       N/A         1
 Call Canine Familiar     Summ           Unusable   N/A       N/A         3
 Tukima's Dance           Hex            Unusable   N/A       N/A         3
 Animate Armour           Summ/Erth      Unusable   N/A       N/A         4
 Animate Dead             Necr           Unusable   N/A       N/A         4
 Summon Forest            Summ/Tloc      Unusable   N/A       N/A         5
 Simulacrum               Ice/Necr       Unusable   N/A       N/A         6
 Haunt                    Necr/Summ      Unusable   N/A       N/A         7
 Summon Hydra             Summ           Unusable   N/A       N/A         7
 Infestation              Necr           Unusable   N/A       N/A         8
 Dragon's Call            Summ           Unusable   N/A       N/A         9

Inventory:

Hand Weapons
 a - the +8 double sword "Plog" {freeze, Int+4 Dex+7, rare}
   (You bought it in a shop on level 2 of the Orcish Mines)

   Int:       It affects your intelligence (+4).
   Dex:       It affects your dexterity (+7).
 b - a +1 vampiric double sword {rare}
   (Okawaru gifted it to you on level 3 of the Depths)
 d - the +8 flail of Lomut {flame, Will+}
   (Okawaru gifted it to you on level 13 of the Dungeon)

   Will:      It increases your willpower.
 W - the +11 Singing Sword (weapon) {sonic wave}
   (You acquired it on level 3 of the Vaults)
Missiles
 L - 5 throwing nets {=f!f}
Armour
 e - +6 gold dragon scales (worn) {rare}
   (You took it off Parghit in the Arena)
 x - a +0 pair of gloves (worn)
   (You found it on level 3 of the Swamp)
 C - the +0 cloak "Ighas" (worn) {Contam Rampage +Blink rPois Int+5}
   (Okawaru gifted it to you on level 4 of the Snake Pit)

   Int:       It affects your intelligence (+5).
   rPois:     It protects you from poison.
   +Blink:    It lets you blink.
   Contam:    It causes magical contamination when unequipped.
   Rampage:   It bestows one free step when moving towards enemies.
 F - a +1 pair of boots of stealth (worn)
   (You bought it in a shop on level 3 of the Depths)
 K - a +1 hat of willpower (worn)
   (You found it in an ice cave)
 U - a +2 kite shield of cold resistance (worn)
   (You took it off a naga warrior on level 1 of the Snake Pit)
Jewellery
 f - a ring of protection from fire (left hand)
   (You found it on level 4 of the Swamp)
 g - an amulet of regeneration (around neck)
   (You found it on level 1 of the Dungeon)
 E - a +5 ring of evasion (right hand)
   (You found it on level 8 of the Dungeon)
Wands
 c - a wand of acid (6)
   (You found it on level 2 of the Realm of Zot)
 k - a wand of paralysis (32)
   (You took it off a deep elf pyromancer on level 12 of the Dungeon)
 p - a wand of polymorph (16)
   (You found it on level 7 of the Dungeon)
 y - a wand of digging (12)
   (You found it on level 6 of the Dungeon)
 A - a wand of roots (28)
   (You found it on level 2 of the Lair of Beasts)
 B - a wand of flame (125)
   (You found it on level 6 of the Dungeon)
 J - a wand of mindburst (28)
   (You found it on level 9 of the Dungeon)
Scrolls
 j - 12 scrolls of teleportation {@r4}
 o - 6 scrolls of poison {!r}
 r - 6 scrolls of immolation {!r!r}
 t - 3 scrolls of fear
 u - 5 scrolls of magic mapping {!r}
 D - 3 scrolls of blinking {!r}
 H - 10 scrolls of identify {@r1}
 I - 3 scrolls of silence {!r}
 T - 7 scrolls of fog
Potions
 h - 10 potions of curing {@q1}
 m - 7 potions of might
 q - 4 potions of flight
 s - 4 potions of cancellation
 v - 3 potions of attraction {!q}
 w - a potion of resistance
 G - 4 potions of magic
 M - 2 potions of lignification {!q}
 N - 8 potions of mutation {!q}
 S - 4 potions of haste {@q3}
Miscellaneous
 i - a phantom mirror
   (You found it on level 1 of the Vaults)
 l - a piece from Xom's chessboard (15/15)
   (You found it on level 15 of the Dungeon)
 O - a phial of floods
   (You found it on level 2 of the Vaults)

Dungeon Overview and Level Annotations

Branches:
Dungeon (15/15) Zot: 24289  Temple (1/1) D:7 Zot: 5920    Lair (5/5) D:10 Zot: 23808
  Swamp (4/4) Lair:2 Zot: 20339   Snake (4/4) Lair:2 Zot: 19415   Slime (0/5) Lair:4
    Orc (2/2) D:12 Zot: 10078     Elf (0/3) Orc:2        Vaults (4/5) D:14 Zot: 17236
  Crypt (0/3) Vaults:3     Depths (4/4) D:15 Zot: 16535     Zot (2/5) Depths:4 Zot: 8132
  Sewer (visited)           IceCv (visited)

Altars:
Ashenzari
Cheibriados
Elyvilon
Fedhas
Gozag
Kikubaaqudgha
Makhleb
Okawaru
Ru
Sif Muna
Trog
Uskayaw
Wu Jian
Xom
Yredelemnul
Zin
The Shining One
Lugonu

Shops:
D:9 ?   Orc:2 ([*[:   Snake:4 =:=(   Vaults:1 (   Depths:3 :*([

Portals:
Hell: Depths:1 Depths:2 Depths:3 Depths:4
Abyss: D:11 Lair:5 Zot:2 Depths:2 Depths:3
Pandemonium: Depths:2 Depths:3 Depths:4
Ziggurat: Depths:2
Trove: Depths:2 (give 17 potions of curing)

Annotations:
D:2 exclusion: downstairs
D:6 Maggie
Snake:3 exclusion: downstairs
Vaults:1 1 runed translucent door, jlumianski's ghost, veteran KoBe
Vaults:2 exclusion: downstairs
Zot:1 exclusion: downstairs Arena Tiamat

#########
##..▓▓▓..##
##.p▓▓.▓▓p.##
##.p▓▓...▓▓p.##
#.p▓▓.....▓▓p.#
#.▓▓.......▓▓.#
#.▓.....d...▓▓#
#▓....@....▓∩#
#p▓.........▓▓#
#.▓▓.......▓▓.#
#..▓▓.....▓▓p.#
##.p▓▓...▓▓p.##
##.p▓▓.▓▓p.##
##..▓▓▓..##
#########


You could see Tiamat (strong).


Message History

The Singing Sword sings off-key.
You send a blast of sound all around you.
You slash Tiamat! You headbutt Tiamat, but do no damage.
Tiamat breathes fire at you. The searing blast hits you! You resist. 😕 HP[-7]
You take 7 damage, and now have 289/334 hp.
You hit Tiamat.
Your headbutt misses Tiamat. 😕 HP[+1] MP[+1]
You slash Tiamat! Tiamat completely misses you. You furiously retaliate!
You headbutt Tiamat!! You block Tiamat's attack.
You hit Tiamat but do no damage. 😕 HP[+1]
You slash Tiamat! You headbutt Tiamat, but do no damage.
Tiamat breathes lightning at you. The bolt of lightning misses you.
The bolt of lightning hits you!!! 😕 HP[-36]
You take 36 damage, and now have 255/334 hp.
You hit Tiamat.
The Singing Sword strikes up a funeral march.
You send a blast of sound all around you.
You hit Tiamat but do no damage. You block Tiamat's attack.
Tiamat tail-slaps you!! 😮 HP[-18]
You take 18 damage, and now have 237/334 hp.
You are too injured to fight recklessly!
You are too injured to fight recklessly!
You are too injured to fight recklessly!
You are too injured to fight recklessly!
You hit Tiamat but do no damage. 😮 HP[+1]
You slice Tiamat!!
The Singing Sword shrieks like a irate lion.
You send a blast of sound all around you. 😮 HP[+1]
You slice Tiamat!!
The Singing Sword repeatedly practises counterpoints.
You send a blast of sound all around you.
Your headbutt misses Tiamat.
Tiamat hits you with a +2 demon trident of flaming!!!
Tiamat burns you. Tiamat tail-slaps you. 😮 HP[-68]
You take 68 damage, and now have 171/334 hp.
MASSIVE DAMAGE!! (PAUSE)
You slash Tiamat! Your headbutt misses Tiamat. 😮 HP[+1]
You slash Tiamat! Your headbutt misses Tiamat. You block Tiamat's attack.
Tiamat tail-slaps you but does no damage. 😮 HP[+1] MP[+1]
You hit Tiamat but do no damage.
Unknown command.
You closely miss Tiamat. You block Tiamat's attack. x2 😮 HP[+1]
You slash Tiamat!
You headbutt Tiamat, but do no damage. 😮 HP[+1]
You hit Tiamat but do no damage. You headbutt Tiamat.
Tiamat breathes lightning at you. The bolt of lightning misses you.
The bolt of lightning hits you!!
* * * LOW HITPOINT WARNING * * *
😨 HP[-24]
You take 24 damage, and now have 151/334 hp.
You hit Tiamat but do no damage. Your headbutt misses Tiamat. 😨 HP[+1]
You slash Tiamat! Your headbutt misses Tiamat. Tiamat closely misses you.
You block Tiamat's attack.
You completely miss Tiamat.
You are no longer berserk.
You are exhausted.
You feel yourself slow down. 😨 HP[-50]
You now have 223 max hp (-111).
You slice Tiamat!! Tiamat misses you. Tiamat completely misses you.
The spectator waves a pennant with your name on it. 😨 HP[+2] MP[+1]
You regained 2 hp, and now have 104/223 hp.
Aiming: Corrosive Bolt
Press: ? - help, Shift-Dir - straight line, f - Tiamat
Aim: Tiamat, wielding a +2 demon trident of flaming and wearing the +4 dragonskin cloak (severely wounded, strong, catching her breath, 76% to hit)
The bolt of acid hits Tiamat but does no damage.
Tiamat barely misses you. Tiamat tail-slaps you!!
* * * LOW HITPOINT WARNING * * *
Tiamat misses you. You furiously retaliate!
You headbutt Tiamat. Tiamat tail-slaps you!!!
* * * LOW HITPOINT WARNING * * *
😱 HP[-64]
You take 64 damage, and now have 40/223 hp.
MASSIVE DAMAGE!! (PAUSE)
Okay, then.
You feel yourself speed up. Tiamat hits you but does no damage.
You block Tiamat's attack. 😱 HP[+2]
You regained 2 hp, and now have 42/223 hp.
Okay, then.
Okay, then.
You can now deal lightning-fast blows.
Tiamat hits you with a +2 demon trident of flaming!!!
* * * LOW HITPOINT WARNING * * *
Tiamat burns you!
You die...
Okawaru crowns Tiamat victorious!

Skill      XL: |  1  2  3  4  5  6  7  8  9 10 11 12 13 14 15 16 17 18 19 20 21 22 23 |
---------------+----------------------------------------------------------------------+-----
Maces & Flails | 4 5 6 8 9 10 12 14 15 16 | 16.0
Fighting       | 5 7 9 12 13 15 16 17 19 20 22 | 22.0
Armour         | 4 8 10 11 13 14 16 18 20 22 23 | 23.0
Evocations     | 1 2 4 5 7 8 9 10 12 14 15 16 | 16.0
Invocations    | 3 5 6 8 10 11 12 13 14 | 14.0
Shields        | 2 5 6 8 9 10 11 12 14 16 18 19 | 19.0
Dodging        | 5 8 10 12 13 15 | 15.4
Long Blades    | 5 14 16 | 16.0

Action                     |  1- 3 |  4- 6 |  7- 9 | 10-12 | 13-15 | 16-18 | 19-21 | 22-24 || total
---------------------------+-------+-------+-------+-------+-------+-------+-------+-------++-------
  Melee: Mace              |    49 |    39 |    37 |       |       |  1009 |       |       ||  1134
         Headbutt          |    10 |    17 |    71 |   156 |   325 |   570 |   638 |   474 ||  2261
         Spear             |     4 |    44 |     3 |       |       |       |       |       ||    51
         Flail             |       |       |   257 |   570 |  1156 |   663 |       |       ||  2646
         Unarmed           |       |       |       |     4 |       |       |       |       ||     4
         Double sword      |       |       |       |       |       |   341 |  1850 |  1482 ||  3673
 Invoke: Heroism           |       |       |       |       |     1 |     6 |     8 |     5 ||    20
         Finesse           |       |       |       |       |       |       |     1 |     4 ||     5
         Duel              |       |       |       |       |       |       |       |     2 ||     2
  Evoke: Wand              |       |       |       |     3 |     8 |     4 |     9 |    10 ||    34
         Phial of floods   |       |       |       |       |       |       |     1 |       ||     1
    Use: Scroll            |     1 |     7 |     5 |     3 |    15 |    13 |     6 |     4 ||    54
         Potion            |       |     2 |       |     2 |    16 |     5 |    12 |    15 ||    52
   Stab: Distracted        |       |       |       |       |       |     1 |       |     1 ||     2
         Paralysed         |       |       |       |       |       |       |       |     2 ||     2
 Armour: Chain mail        |    23 |    30 |   194 |       |       |       |       |       ||   247
         Skin              |       |     6 |       |       |       |       |       |       ||     6
         Plate armour      |       |       |     3 |   272 |    23 |   346 |       |       ||   644
         Crystal plate arm |       |       |       |       |   770 |   661 |   733 |   106 ||  2270
         Gold dragon scale |       |       |       |       |       |       |       |   502 ||   502
  Dodge: Dodged            |    18 |    31 |   158 |   242 |   483 |   893 |   648 |   564 ||  3037
  Block: Buckler           |       |       |       |    66 |   331 |   358 |       |       ||   755
         Kite shield       |       |       |       |       |       |   612 |  1193 |   896 ||  2701

Levels and vault maps discovered:
D:1:      lightli_arrival_lavapool, layout_basic, minmay_octomino_e4
D:2:      layout_loops_cross
D:3:      layout_loops_ring, chequers_serial_rivers_micro_c, uniq_sigmund
D:4:      layout_loops_ring, uniq_menkaure
D:5:      layout_basic
D:6:      layout_cave_pools, cheibrodos_sewer_entry_sluice, uniq_maggie,
          uniq_pikel
D:7:      layout_loops_ring, minmay_temple_entry_water_ring,
          kennysheep_generic_room_10
D:8:      layout_basic
D:9:      layout_basic, mainiacjoe_overflow_tiny_flanked, serial_shops,
          nicolae_shop_tiny_real_fake_doors, corexii_corridor_pit,
          minmay_misc_feat_four_crosses, uniq_erolcha, uniq_harold
D:10:     nicolae_cairo_tiling_very_big, layout_grid_maze, uniq_fannar
D:11:     layout_loops_cross, gammafunk_ghost_abyssal_escape
D:12:     lemuel_castle_with_subvaults [lemuel_castle_interior_original],
          layout_irregular_city, david_orc_3, gammafunk_ghost_grave,
          minmay_fractal_squares_5
D:13:     layout_basic, ebering_ghost_reflecting_pool, hangedman_fish_farm
D:14:     layout_roguey, skrybe_vaults_entry_preservation, serial_park_paths
          [serial_park_minivault_5x5_7]
D:15:     grunt_enter_depths_magical_seal, layout_stronghold, chequers_big_river
Temple:   compressed_dpeg_circular_temple
Lair:1:   layout_chaotic_city, beast_lair_carwin_4
Lair:2:   layout_gridlike, nicolae_swamp_entry_splash_gauntlet,
          guppyfry_snake_entry_garden, dreamdust_deal_with_the_devil,
          wad_woods_road_02, nzn_masters_of_martial_movement, uniq_nergalle
Lair:3:   layout_hall_layers, grunt_megastairs_5, lemuel_fruit_tree,
          serial_bayou_shore_a
Lair:4:   layout_cellular_growth, slime_entry_1, ebering_ghost_reflecting_pool
Lair:5:   hellmonk_lair_end_abyssal_woods, layout_gridlike,
          grunt_forest_small_clearing_treed
Swamp:1:  layout_falls_marsh, nicolae_swamp_little_tower
Swamp:2:  layout_basic_swamp, nicolae_swamp_little_swirl,
          infiniplex_staircase_pool
Swamp:3:  layout_falls_marsh, nicolae_swamp_bean_lake, st_swamp_ruins_4
Swamp:4:  swamp_icy, layout_basic_swamp
Snake:1:  layout_rooms, uniq_azrael
Snake:2:  layout_misc_corridors
Snake:3:  layout_chambers, portal_ice_cave_entry_pillars_three
Snake:4:  grunt_snake_rune_pools, layout_onion_interference, basic_altar,
          serial_shops, nicolae_shop_behind_doors, serial_bayou_ford_a,
          nicolae_snake_yet_another_twisty_hallway, minmay_shop_grove,
          uniq_vashnia
Orc:1:    layout_caves, mines_bat_river, uniq_snorg
Orc:2:    st_orc_rangers, layout_caves, basic_altar, serial_shops, shop,
          elves_outpost_lemuel
Vaults:1: ebering_ghost_inner_flame, nicolae_vaults_taking_the_gang_shopping,
          ontoclasm_vaults_ring_square, vaults_mumra_hexcomb,
          nicolae_vaults_stand_back, ontoclasm_vaults_spin,
          vaults_dpeg_encased_lava, nicolae_vaults_oval_intersection,
          dpeg_vaults_monster_row, nicolae_vaults_closet_pinwheel_2,
          ontoclasm_vaults_bender, nicolae_vaults_more_shelving_2,
          nicolae_vaults_shelves_hall, nicolae_vaults_tetromino_L_1,
          layout_vaults_omnicross, uniq_zenata
Vaults:2: v_pattern_3, v_misc_4, nicolae_vaults_hexular_roomagon,
          ontoclasm_vaults_chip, nicolae_vaults_border_crossing,
          vaults_standard_mumra_lines, v_misc_24, nicolae_vaults_little_ls,
          nicolae_vaults_cochlea, v_misc_16, nicolae_vaults_apartment_2,
          grunt_vaults_diagonal, vaults_mumra_hex, layout_vaults_omnigrid,
          serial_glass
Vaults:3: minmay_crypt_entry_simple_plaza, v_rooms_6,
          nicolae_vaults_closet_pinwheel_3, nicolae_vaults_tangram_1,
          nicolae_vaults_apartment_2, nicolae_vaults_ring_of_whatevers,
          nicolae_vaults_doubleplus_tesselated, vaults_dpeg_ring, v_rooms_4,
          vaults_room_fours, vaults_room_semicircle, nicolae_vaults_oozy_zoo,
          layout_vaults_maze_snakey, uniq_sojobo
Vaults:4: nicolae_vaults_mini_display_case, v_misc_27, vaults_room_ringed_pool,
          v_alt_pattern_1, grunt_vaults_twisty, vaults_room_pool,
          nicolae_vaults_trapezoid_1, vaults_dpeg_spiral,
          nicolae_vaults_little_squares_1, v_alt_pattern_3,
          nicolae_vaults_murderbox, vaults_room_corners, nicolae_vaults_house_3,
          layout_vaults_ring, uniq_bai_suzhen
Depths:1: layout_cave_pools, hellmouth_1, chequers_serial_rivers_large_a,
          fedhas_altar_2, uniq_mara
Depths:2: kennysheep_blocky_room, layout_cave_pools, enter_ziggurat_d,
          abyss_entry, trove_entry_hex_spiral, nicolae_sif_muna_condensation,
          grunt_hell_entry_dis_grunt, pan_entry, kilobyte_rumbling_trees
Depths:3: kennysheep_gozag_temple, layout_honeycomb, abyss_entry,
          rand_demon_pan_entry_9, serial_shops, nicolae_shop_advertising_works
          [nicolae_subvault_shop_adworks], hangedman_coc_ice_floe,
          onia_ninara_cookie
Depths:4: grunt_zot_entry_tricorne, layout_honeycomb, rand_demon_pan_entry_8,
          nrook_mini_backslash, hell_entry, uniq_parghit, uniq_vv
Zot:1:    layout_misc_corridors
Zot:2:    nicolae_moth_party, layout_misc_corridors,
          amcnicky_altar_lugonu_corruption, uniq_tiamat
Arena

Notes
Turn   | Place    | Note
-------+----------+-------------------------------------------
     0 | D:1      | Kenran the Minotaur Monk began the quest for the Orb.
     0 | D:1      | Reached XP level 1. HP: 19/19 MP: 0/0
     0 | D:1      | magus.rc [v1.11.6]
   139 | D:1      | Reached skill level 4 in Maces & Flails
   183 | D:1      | Reached XP level 2. HP: 23/26 MP: 1/1
   758 | D:2      | Reached skill level 5 in Maces & Flails
   936 | D:2      | You add the spells Magic Dart, Searing Ray and Fulminant
                  | Prism to your library.
   948 | D:2      | Reached XP level 3. HP: 28/31 MP: 2/2
   966 | D:2      | You add the spells Alistair's Intoxication, Borgnjor's Vile
                  | Clutch and Eringya's Noxious Bog to your library.
  1271 | D:3      | Noticed Sigmund
  1350 | D:3      | Reached skill level 6 in Maces & Flails
  1350 | D:3      | Reached XP level 4. HP: 39/39 MP: 3/3
  1764 | D:3      | Killed Sigmund
  1765 | D:3      | Reached skill level 8 in Maces & Flails
  1765 | D:3      | Reached XP level 5. HP: 32/45 MP: 4/4
  1765 | D:3      | Reached XP level 6. HP: 36/51 MP: 5/5
  2005 | D:3      | Identified a scroll of acquirement
  2043 | D:4      | Noticed Menkaure
  2190 | D:4      | Killed Menkaure
  2191 | D:4      | Reached skill level 9 in Maces & Flails
  2524 | D:4      | Reached XP level 7. HP: 54/57 MP: 6/6
  2528 | D:4      | You add the spells Tukima's Dance, Portal Projectile and
                  | Blade Hands to your library.
  2615 | D:4      | Identified the +4 dagger of Indignation {heavy, rN+ Str+4
                  | Int+2}
  2825 | D:5      | Entered Level 5 of the Dungeon
  2851 | D:4      | Reached skill level 10 in Maces & Flails
  2851 | D:4      | Reached skill level 4 in Fighting
  2974 | D:5      | Reached skill level 5 in Fighting
  2974 | D:5      | Reached skill level 2 in Armour
  3101 | D:5      | Reached skill level 3 in Armour
  3184 | D:5      | Reached skill level 4 in Armour
  3203 | D:5      | Reached skill level 1 in Evocations
  3203 | D:5      | Reached XP level 8. HP: 68/68 MP: 7/7
  3340 | D:5      | You add the spells Blink, Manifold Assault and Storm Form
                  | to your library.
  3389 | D:5      | Reached skill level 2 in Evocations
  3730 | D:6      | Reached skill level 6 in Fighting
  3752 | D:6      | Noticed Maggie
  3853 | D:5      | Reached skill level 11 in Maces & Flails
  3873 | D:6      | Reached skill level 7 in Fighting
  3901 | D:6      | Found a glowing drain.
  3928 | Sewer    | Entered a sewer
  4240 | D:6      | Noticed Pikel
  4266 | D:6      | Reached skill level 12 in Maces & Flails
  4306 | D:5      | Reached XP level 9. HP: 79/79 MP: 8/8
  4337 | D:4      | Reached skill level 13 in Maces & Flails
  4376 | D:5      | Killed Pikel
  4377 | D:5      | Reached skill level 14 in Maces & Flails
  5027 | D:5      | Reached skill level 8 in Fighting
  5353 | D:7      | Reached skill level 9 in Fighting
  5422 | D:7      | Found the amulet of Elemental Vulnerability {rPois rF--
                  | rC-- AC+8}
  5495 | D:7      | Found a staircase to the Ecumenical Temple.
  5512 | Temple   | Entered the Ecumenical Temple
  5575 | Temple   | Became a worshipper of Warmaster Okawaru
  5575 | Temple   | Reached * piety under Okawaru
  5575 | Temple   | Reached ** piety under Okawaru
  5854 | D:7      | Reached XP level 10. HP: 52/87 MP: 9/9
  5916 | D:7      | Reached skill level 10 in Fighting
  5940 | D:7      | Reached skill level 5 in Armour
  6136 | D:7      | Acquired 703 gold pieces
  6350 | D:8      | Reached skill level 6 in Armour
  6494 | D:8      | Identified the staff of earth "Qereos" {Str+2 Dex+4}
  6761 | D:8      | Reached skill level 7 in Armour
  6766 | D:8      | You add the spells Inner Flame, Sticky Flame and Flame Wave
                  | to your library.
  6973 | D:9      | Found Muirph's Magic Scroll Shoppe.
  6991 | D:9      | Bought a scroll of blinking for 82 gold pieces
  6991 | D:9      | Bought a scroll of teleportation for 33 gold pieces
  7111 | D:9      | Found a broken altar of Ashenzari.
  7114 | D:9      | Noticed Erolcha
  7130 | D:9      | You are cast into the Abyss!
  7130 | Abyss:1  | Cast into level 1 of the Abyss (Erolcha)
  7197 | Abyss:1  | Reached *** piety under Okawaru
  7211 | Abyss:1  | Reached skill level 8 in Armour
  7212 | Abyss:1  | Found a radiant altar of Vehumet.
  7237 | Abyss:1  | Found a radiant altar of Vehumet.
  7237 | Abyss:1  | Found a radiant altar of Vehumet.
  7253 | Abyss:1  | Reached skill level 1 in Invocations
  7313 | Abyss:1  | Noticed a deep elf demonologist
  7334 | Abyss:1  | Reached skill level 2 in Invocations
  7413 | Abyss:1  | Noticed an apocalypse crab
  7415 | Abyss:1  | Found a radiant altar of Vehumet.
  7422 | Abyss:1  | Noticed a white draconian stormcaller
  7424 | Abyss:1  | Killed an apocalypse crab
  7433 | Abyss:1  | Noticed a lindwurm
  7439 | Abyss:1  | Killed a white draconian stormcaller
  7440 | Abyss:1  | Reached skill level 11 in Fighting
  7440 | Abyss:1  | Reached skill level 3 in Invocations
  7442 | D:9      | You pass through the gate.
  7442 | D:9      | Escaped the Abyss
  7447 | D:9      | Killed Erolcha
  7447 | D:9      | Reached **** piety under Okawaru
  7448 | D:9      | Reached skill level 12 in Fighting
  7448 | D:9      | Reached XP level 11. HP: 61/104 MP: 12/12
  7572 | D:9      | Noticed Harold
  7611 | D:9      | Killed Harold
  7674 | D:9      | You add the spells Conjure Ball Lightning, Disjunction and
                  | Discord to your library.
  7759 | D:9      | Reached ***** piety under Okawaru
  8095 | D:10     | Entered Level 10 of the Dungeon
  8095 | D:10     | Noticed Fannar
  8117 | D:9      | Killed Fannar
  8118 | D:9      | Reached skill level 4 in Invocations
  8118 | D:9      | Reached skill level 3 in Evocations
  8339 | D:10     | Received a gift from Okawaru
  8470 | D:10     | Reached skill level 9 in Armour
  8611 | D:10     | Found a staircase to the Lair.
  8973 | D:11     | Noticed a large abomination
  9055 | D:11     | Noticed Zouniz Rihu's ghost (novice DDFi)
  9056 | D:11     | Found a transporter.
  9056 | D:11     | Found a transporter.
  9145 | D:11     | Reached skill level 4 in Evocations
  9267 | D:11     | Reached skill level 5 in Invocations
  9418 | D:11     | Reached skill level 15 in Maces & Flails
  9609 | D:12     | Found a runed translucent door.
  9609 | D:12     | Noticed Plog's ghost (journeyman DgVM)
  9624 | D:12     | Reached skill level 10 in Armour
  9649 | Lair:1   | Entered Level 1 of the Lair of Beasts
  9694 | Lair:1   | Noticed a catoblepas
  9713 | Lair:1   | Killed a catoblepas
  9713 | Lair:1   | Identified the +0 buckler of Xyseus Daill {rC+ rN+ Dex+2}
                  | (Okawaru gifted it to you on level 1 of the Lair of Beasts)
  9713 | Lair:1   | Received a gift from Okawaru
  9866 | Lair:1   | Reached skill level 1 in Shields
  9895 | Lair:1   | Reached skill level 2 in Shields
 10020 | Lair:1   | Reached XP level 12. HP: 95/112 MP: 14/14
 10033 | Lair:1   | Reached skill level 3 in Shields
 10037 | Lair:1   | Reached skill level 16 in Maces & Flails
 10282 | Lair:1   | You add the spells Slow, Vampiric Draining and Confusing
                  | Touch to your library.
 10572 | Lair:2   | You add the spell Leda's Liquefaction to your library.
 10576 | Lair:2   | Found a staircase to the Snake Pit.
 10598 | Lair:2   | Reached skill level 4 in Shields
 10644 | Lair:2   | Identified a +12 crystal plate armour of ponderousness
 10802 | Lair:2   | Found an ornate altar of the Wu Jian Council.
 10802 | Lair:2   | Found a hide-covered altar of Uskayaw.
 10802 | Lair:2   | Noticed a boulder beetle
 10816 | Lair:2   | Killed a boulder beetle
 10816 | Lair:2   | Noticed a seven-headed hydra
 10817 | Lair:2   | Reached skill level 5 in Shields
 10825 | Lair:2   | Killed a seven-headed hydra
 10826 | Lair:2   | Reached skill level 4 in Dodging
 10893 | Lair:2   | Noticed a five-headed hydra
 10902 | Lair:2   | Killed a five-headed hydra
 10903 | Lair:2   | Reached skill level 5 in Dodging
 11064 | Lair:2   | Noticed Nergalle
 11282 | Lair:2   | Noticed a four-headed hydra
 11292 | Lair:2   | Killed a four-headed hydra
 11410 | Lair:2   | Reached skill level 13 in Fighting
 11535 | Lair:2   | Found a staircase to the Swamp.
 11548 | Swamp:1  | Entered Level 1 of the Swamp
 12121 | Lair:3   | Reached skill level 6 in Invocations
 12121 | Lair:3   | Reached skill level 5 in Evocations
 12480 | Lair:3   | Killed Nergalle
 12480 | Lair:3   | Reached ****** piety under Okawaru
 12495 | Lair:4   | Received a gift from Okawaru
 12496 | Lair:4   | Reached skill level 11 in Armour
 12717 | Lair:4   | Found a runed translucent door.
 12722 | Lair:4   | Noticed dogaso222's ghost (journeyman DsGl)
 12934 | Lair:4   | Found a staircase to the Slime Pits.
 13216 | Lair:4   | You add the spells Ignite Poison and Ignition to your
                  | library.
 13253 | Lair:4   | Reached XP level 13. HP: 118/122 MP: 17/17
 13482 | Lair:4   | Killed dogaso222's ghost
 13483 | Lair:4   | Reached skill level 7 in Invocations
 13483 | Lair:4   | Reached skill level 6 in Evocations
 13512 | Lair:5   | Entered Level 5 of the Lair of Beasts
 13609 | Lair:5   | Identified a +2 crystal plate armour (Okawaru gifted it to
                  | you on level 5 of the Lair of Beasts)
 13609 | Lair:5   | Received a gift from Okawaru
 13618 | Lair:5   | R - a +2 crystal plate armour {rare}
 13629 | Lair:5   | You finish putting on your +2 crystal plate armour {rare}.
 13640 | Lair:5   | your +2 crystal plate armour {rare} glows green for a
                  | moment.
 13641 | Lair:5   | your +3 crystal plate armour {rare} glows green for a
                  | moment.
 13642 | Lair:5   | your +4 crystal plate armour {rare} glows green for a
                  | moment.
 13695 | Lair:5   | Reached skill level 12 in Armour
 13714 | Lair:4   | Reached skill level 7 in Evocations
 13944 | Lair:5   | Reached skill level 14 in Fighting
 14263 | Lair:5   | Reached skill level 15 in Fighting
 14621 | Lair:5   | HP: 31/126 [small abomination (12)]
 14687 | Lair:5   | Received a gift from Okawaru
 14701 | Lair:5   | Reached skill level 6 in Shields
 14738 | Lair:5   | You are cast into the Abyss!
 14738 | Abyss:1  | Cast into level 1 of the Abyss (spriggan)
 14819 | Abyss:1  | Found a corrupted altar of Lugonu.
 14831 | Abyss:1  | Noticed a tentacled starspawn
 14840 | Abyss:1  | Killed a tentacled starspawn
 14848 | Abyss:1  | Found a corrupted altar of Lugonu.
 14872 | Abyss:1  | Reached skill level 8 in Invocations
 15107 | Abyss:1  | Reached skill level 13 in Armour
 15125 | Abyss:1  | Noticed a starcursed mass
 15159 | Abyss:1  | Killed a starcursed mass
 15160 | Abyss:1  | Reached XP level 14. HP: 125/135 MP: 19/19
 15168 | Abyss:1  | Noticed a bone dragon
 15188 | Abyss:1  | Killed a bone dragon
 15501 | Abyss:1  | Noticed a balrug
 15511 | Abyss:1  | Killed a balrug
 15511 | Abyss:1  | Received a gift from Okawaru
 15512 | Abyss:1  | Reached skill level 9 in Invocations
 15519 | Abyss:1  | HP: 30/135 [ynoxinul/iron shot (10)]
 15521 | Lair:5   | You pass through the gate.
 15521 | Lair:5   | Escaped the Abyss
 16007 | Lair:5   | Reached skill level 14 in Armour
 16183 | Lair:5   | Reached skill level 10 in Invocations
 16290 | Lair:5   | Found a corrupted altar of Lugonu.
 16290 | Lair:5   | Found a one-way gate to the infinite horrors of the Abyss.
 16836 | D:12     | Received a gift from Okawaru
 16889 | D:12     | Reached skill level 7 in Shields
 16915 | D:12     | HP: 25/135 [deep elf pyromancer/bolt of fire (23)]
 16929 | D:12     | HP: 28/135 [troll (8)]
 17198 | D:12     | Reached skill level 8 in Evocations
 17331 | D:12     | Found a staircase to the Orcish Mines.
 17340 | D:12     | Reached skill level 8 in Shields
 17487 | D:12     | Identified the -2 hat of Precision Catastrophes {Int+5}
                  | (Okawaru gifted it to you on level 12 of the Dungeon)
 17487 | D:12     | Received a gift from Okawaru
 17508 | D:12     | Identified the +4 great sword "Ummagiuq" {drain, rF- rN+
                  | Dex+3}
 17629 | D:12     | Reached skill level 16 in Fighting
 17985 | D:12     | Reached XP level 15. HP: 124/145 MP: 21/21
 18355 | D:12     | HP: 35/145 [Plog's ghost/Olgreb's Toxic Radiance (5)]
 18358 | D:12     | Killed Plog's ghost
 18358 | D:12     | HP: 12/145 [poisoned by Plog's ghost (bolt of poison)]
 18359 | D:12     | Reached skill level 9 in Evocations
 18363 | D:12     | HP: 20/145 [poisoned by Plog's ghost (bolt of poison)]
 19074 | D:13     | Reached skill level 17 in Fighting
 19117 | D:13     | Found a runed translucent door.
 19273 | D:13     | Identified a potion of experience
 19274 | D:13     | Reached skill level 9 in Shields
 19274 | D:13     | Reached XP level 16. HP: 156/156 MP: 22/22
 19431 | D:13     | Noticed Iplucs's ghost (journeyman FeBe)
 19460 | D:13     | Killed Iplucs's ghost
 19524 | D:13     | Identified the +8 flail of Lomut {flame, Will+} (Okawaru
                  | gifted it to you on level 13 of the Dungeon)
 19524 | D:13     | Received a gift from Okawaru
 19700 | D:14     | Reached skill level 10 in Shields
 19758 | D:14     | Reached skill level 18 in Fighting
 19771 | D:14     | Found a gate to the Vaults.
 19790 | D:14     | You add the spells Necrotise and Apportation to your
                  | library.
 19888 | D:14     | your +5 crystal plate armour {rare} glows green for a
                  | moment.
 20085 | D:14     | You add the spells Foxfire, Fireball, Plasma Beam and
                  | Starburst to your library.
 20293 | D:15     | Entered Level 15 of the Dungeon
 21075 | D:15     | You add the spell Iron Shot to your library.
 21276 | D:15     | Found a staircase to the Depths.
 21726 | Orc:1    | Entered Level 1 of the Orcish Mines
 21726 | Orc:1    | Noticed Snorg
 21744 | D:12     | Killed Snorg
 21771 | D:12     | Reached skill level 11 in Invocations
 21819 | Orc:1    | Reached skill level 10 in Evocations
 21931 | Orc:1    | Identified the +6 flail of Theory {venom, rC+ Int+3 Dex+4}
                  | (Okawaru gifted it to you on level 1 of the Orcish Mines)
 21931 | Orc:1    | Received a gift from Okawaru
 22305 | Orc:2    | Entered Level 2 of the Orcish Mines
 22456 | Orc:2    | Found a staircase to the Elven Halls.
 22481 | Orc:2    | HP: 36/159 [deep elf zephyrmancer/bolt of lightning (16)]
 22623 | Orc:2    | Found Atoomial's Antique Weapon Emporium.
 22717 | Orc:1    | Reached skill level 19 in Fighting
 23001 | Orc:2    | Bought a steaming broad axe for 252 gold pieces
 23001 | Orc:2    | Identified the +9 broad axe of Gehenna {drain, Str+3 Int-3
                  | Dex+3} (You bought it in a shop on level 2 of the Orcish
                  | Mines)
 23001 | Orc:2    | Bought a warped double sword for 560 gold pieces
 23001 | Orc:2    | Identified the +8 double sword "Plog" {freeze, Int+4 Dex+7}
                  | (You bought it in a shop on level 2 of the Orcish Mines)
 23001 | Orc:2    | C - the +8 double sword "Plog" {freeze, Int+4 Dex+7, rare}
 23085 | Orc:2    | Reached skill level 1 in Long Blades
 23097 | Orc:2    | Reached skill level 2 in Long Blades
 23183 | Orc:2    | Reached skill level 3 in Long Blades
 23418 | Orc:2    | Found a burning altar of Makhleb.
 23477 | Orc:2    | Found Puill's Armour Emporium.
 23477 | Orc:2    | Found Tagivis's General Store.
 23479 | Orc:2    | Found Hixo's Antique Armour Shop.
 23481 | Orc:2    | Found Besu's Book Shoppe.
 23520 | Orc:2    | Bought 2 scrolls of teleportation for 84 gold pieces
 23520 | Orc:2    | Bought a scroll of identify for 28 gold pieces
 23524 | Orc:2    | Bought an embroidered cloak for 217 gold pieces
 23746 | Orc:2    | Bought a distressingly furry plate armour for 812 gold
                  | pieces
 23746 | Orc:2    | Identified the +0 plate armour "Yluxkug" {*Corrode rPois
                  | Int+3} (You bought it in a shop on level 2 of the Orcish
                  | Mines)
 23829 | D:12     | Reached skill level 4 in Long Blades
 23986 | Swamp:1  | Reached skill level 5 in Long Blades
 24042 | Swamp:1  | You add the spells Cigotuvi's Dreadful Rot and Freezing
                  | Cloud to your library.
 24066 | Swamp:1  | Reached XP level 17. HP: 161/168 MP: 24/24
 24083 | Swamp:1  | Reached skill level 6 in Long Blades
 24103 | Swamp:1  | HP: 40/168 [spriggan rider/+0 spear (14)]
 24110 | Swamp:1  | HP: 39/168 [spriggan rider/+0 spear (8)]
 24114 | Swamp:1  | HP: 14/168 [spriggan rider/+0 spear (10)]
 24320 | Swamp:1  | Identified the +12 mace of No Interval {elec, rC+ rN+
                  | Dex+3} (Okawaru gifted it to you on level 1 of the Swamp)
 24320 | Swamp:1  | Received a gift from Okawaru
 24327 | Swamp:1  | the +8 double sword "Plog" {freeze, Int+4 Dex+7, rare}
                  | glows with a cold blue light!
 24327 | Swamp:1  | C - the +8 double sword "Plog" (weapon) {freeze, Int+4
                  | Dex+7, rare}
 24328 | Swamp:1  | Your damage rating with the +8 double sword "Plog" {freeze,
                  | Int+4 Dex+7, rare} is about 38 (Base 15 x 135% (Dex) x 149%
                  | (Skill) + 8 (Ench)).
 24328 | Swamp:1  | the +8 double sword "Plog" {freeze, Int+4 Dex+7, rare}
                  | stops glowing.
 24383 | Swamp:1  | Reached skill level 7 in Long Blades
 24794 | Swamp:2  | Reached skill level 8 in Long Blades
 24907 | Swamp:2  | Reached skill level 9 in Long Blades
 25082 | Swamp:2  | Identified the +0 leather armour "Othiuru" {Int+3 SInv}
 25264 | Swamp:2  | Reached skill level 10 in Long Blades
 25596 | Swamp:2  | You finish taking off your +6 crystal plate armour {rare}.
 25839 | Swamp:3  | Reached skill level 11 in Long Blades
 26020 | Swamp:3  | Identified the +1 buckler of the Meadowlark {+Inv Regen+}
                  | (Okawaru gifted it to you on level 3 of the Swamp)
 26020 | Swamp:3  | Received a gift from Okawaru
 26352 | Swamp:3  | Reached skill level 12 in Long Blades
 26617 | Snake:1  | Entered Level 1 of the Snake Pit
 26836 | Snake:1  | You add the spell Agony to your library.
 26851 | Snake:1  | Noticed Azrael
 26879 | Snake:1  | Killed Azrael
 26940 | Snake:1  | Reached skill level 13 in Long Blades
 27530 | Snake:2  | You add the spells Gell's Gravitas, Teleport Other and
                  | Dispersal to your library.
 27713 | Snake:2  | Reached skill level 14 in Long Blades
 28439 | Snake:3  | Found a frozen archway.
 28453 | IceCv    | Entered an ice cave
 28802 | IceCv    | Reached skill level 12 in Invocations
 29028 | IceCv    | Identified the +4 scale mail "Dasih" {rPois rC- Str+4}
                  | (Okawaru gifted it to you in an ice cave)
 29028 | IceCv    | Received a gift from Okawaru
 29029 | IceCv    | Reached skill level 11 in Shields
 29107 | IceCv    | Reached XP level 18. HP: 112/178 MP: 26/26
 29440 | Snake:3  | L - the +8 double sword "Plog" {freeze, Int+4 Dex+7, rare}
 29443 | Snake:3  | the +8 double sword "Plog" {freeze, Int+4 Dex+7, rare}
                  | glows with a cold blue light!
 29443 | Snake:3  | L - the +8 double sword "Plog" (weapon) {freeze, Int+4
                  | Dex+7, rare}
 29444 | Snake:3  | Your damage rating with the +8 double sword "Plog" {freeze,
                  | Int+4 Dex+7, rare} is about 41 (Base 15 x 130% (Dex) x 170%
                  | (Skill) + 8 (Ench)).
 30389 | Snake:3  | the +8 double sword "Plog" {freeze, Int+4 Dex+7, rare}
                  | stops glowing.
 30391 | Snake:4  | Entered Level 4 of the Snake Pit
 30506 | Snake:4  | Noticed Vashnia
 30701 | Swamp:4  | Entered Level 4 of the Swamp
 30755 | Swamp:4  | Reached skill level 20 in Fighting
 31004 | Swamp:4  | Got a decaying rune of Zot
 31148 | Swamp:4  | You finish putting on your +6 crystal plate armour {rare}.
 31180 | Swamp:4  | Reached skill level 15 in Long Blades
 31180 | Swamp:4  | Reached skill level 12 in Shields
 31305 | Swamp:4  | Identified the +2 chain mail of Idealism {+Blink Fly}
 31828 | Snake:4  | Killed Vashnia
 31953 | Snake:4  | Found Wupsats's Weapon Boutique.
 32091 | Snake:4  | Found an opulent altar of Gozag.
 32134 | Snake:4  | Found Feckemicej's Book Shoppe.
 32138 | Snake:4  | Found Gipsecs's Jewellery Shop.
 32138 | Snake:4  | Found Fiona's Jewellery Shop.
 32248 | Snake:4  | Reached skill level 16 in Long Blades
 32251 | Snake:4  | the +8 double sword "Plog" {freeze, Int+4 Dex+7, rare}
                  | glows with a cold blue light!
 32251 | Snake:4  | L - the +8 double sword "Plog" (weapon) {freeze, Int+4
                  | Dex+7, rare}
 32542 | Snake:4  | Reached skill level 6 in Dodging
 32547 | Snake:4  | Identified the +0 cloak "Ighas" {Contam Rampage +Blink
                  | rPois Int+5} (Okawaru gifted it to you on level 4 of the
                  | Snake Pit)
 32547 | Snake:4  | Received a gift from Okawaru
 32865 | Snake:4  | Reached skill level 7 in Dodging
 32892 | Snake:4  | Reached skill level 15 in Armour
 32954 | Snake:4  | Your damage rating with the +8 double sword "Plog" {freeze,
                  | Int+4 Dex+7, rare} is about 42 (Base 15 x 130% (Dex) x 176%
                  | (Skill) + 8 (Ench)).
 33143 | Snake:4  | Got a serpentine rune of Zot
 33341 | Vaults:1 | Entered Level 1 of the Vaults
 33363 | D:14     | Reached skill level 8 in Dodging
 33403 | Vaults:1 | Noticed Zenata
 33426 | D:14     | Killed Zenata
 33428 | D:14     | a +2 eveningstar {rare}; a +0 ring mail; the human corpse
                  | of Zenata
 33429 | D:14     | F - a +2 eveningstar {rare}
 33563 | Vaults:1 | the +8 double sword "Plog" {freeze, Int+4 Dex+7, rare}
                  | stops glowing.
 33576 | Vaults:1 | the +8 double sword "Plog" {freeze, Int+4 Dex+7, rare}
                  | glows with a cold blue light!
 33576 | Vaults:1 | L - the +8 double sword "Plog" (weapon) {freeze, Int+4
                  | Dex+7, rare}
 33627 | Vaults:1 | Reached skill level 16 in Armour
 33800 | Vaults:1 | the +8 double sword "Plog" {freeze, Int+4 Dex+7, rare}
                  | stops glowing.
 33805 | Vaults:1 | the +8 double sword "Plog" {freeze, Int+4 Dex+7, rare}
                  | glows with a cold blue light!
 33805 | Vaults:1 | L - the +8 double sword "Plog" (weapon) {freeze, Int+4
                  | Dex+7, rare}
 33806 | Vaults:1 | a - the +8 double sword "Plog" (weapon) {freeze, Int+4
                  | Dex+7, rare}
 33967 | Vaults:1 | Reached XP level 19. HP: 86/169 MP: 27/27
 34067 | Vaults:1 | Found Warojut's Weapon Shoppe.
 34144 | Vaults:1 | Identified the +7 sling of Tuader {heavy, Str-4 Dex+5}
 34234 | Vaults:1 | Received a gift from Okawaru
 34234 | Vaults:1 | Found the +7 Kryia's mail coat {PotionHeal*2 rC+}
 34375 | Vaults:1 | Reached skill level 9 in Dodging
 34456 | Vaults:1 | Found a runed translucent door.
 34456 | Vaults:1 | Noticed jlumianski's ghost (veteran KoBe)
 34499 | Vaults:1 | Reached skill level 13 in Shields
 35034 | Vaults:1 | Reached skill level 17 in Armour
 35339 | Vaults:1 | Reached skill level 10 in Dodging
 35752 | Vaults:2 | You add the spells Kiss of Death and Dispel Undead to your
                  | library.
 35867 | Vaults:2 | Reached skill level 14 in Shields
 36168 | Vaults:2 | Reached skill level 18 in Armour
 36688 | Vaults:2 | Identified the +2 mace of Hauttofu {heavy, rPois rC+++
                  | Str-3 Dex-3} (Okawaru gifted it to you on level 2 of the
                  | Vaults)
 36688 | Vaults:2 | Received a gift from Okawaru
 36827 | Vaults:2 | Reached skill level 11 in Evocations
 37154 | Vaults:2 | Reached skill level 12 in Evocations
 37270 | Vaults:3 | Reached XP level 20. HP: 97/193 MP: 28/28
 37273 | Vaults:3 | HP: 42/193 [something (8)]
 37276 | Vaults:3 | HP: 16/189 [something/bolt of negative energy (12)]
 37289 | Vaults:3 | HP: 44/189 [something (4)]
 37697 | Vaults:3 | Received a gift from Okawaru
 37936 | Vaults:3 | Noticed Sojobo
 37960 | Vaults:3 | Killed Sojobo
 37978 | Vaults:3 | Reached skill level 11 in Dodging
 38039 | Vaults:3 | Found a staircase to the Crypt.
 38092 | Vaults:3 | You add the spells Anguish, Cause Fear and Enfeeble to your
                  | library.
 38096 | Vaults:3 | Found a runed translucent door.
 38270 | Vaults:3 | Acquired the +11 Singing Sword {sonic wave}
 38270 | Vaults:3 | Found the +11 Singing Sword {sonic wave}
 38272 | Vaults:3 | the +8 double sword "Plog" {freeze, Int+4 Dex+7, rare}
                  | stops glowing.
 38556 | Vaults:3 | Reached skill level 15 in Shields
 38558 | Vaults:3 | Received a gift from Okawaru
 38683 | Vaults:3 | Paralysed by a great orb of eyes for 4 turns
 38717 | Vaults:3 | Identified the staff of death "Affohem" {rN+ Dex+2}
 38880 | Vaults:4 | Reached skill level 13 in Invocations
 39066 | Vaults:4 | Reached skill level 12 in Dodging
 39113 | Vaults:4 | Reached skill level 16 in Shields
 39200 | Vaults:4 | Noticed Bai Suzhen
 39220 | Vaults:4 | Killed Bai Suzhen
 39448 | Vaults:3 | Received a gift from Okawaru
 39457 | Vaults:3 | You drop a +2 eveningstar {rare}.
 39741 | Vaults:4 | Reached skill level 19 in Armour
 40277 | Vaults:4 | Reached skill level 20 in Armour
 40327 | Vaults:4 | Received a gift from Okawaru
 40335 | Vaults:4 | Reached XP level 21. HP: 176/201 MP: 29/29
 40338 | Vaults:4 | b - a +0 triple sword of flaming {rare}
 40339 | Vaults:4 | You drop a +0 triple sword of flaming {rare}.
 40612 | Depths:1 | Entered Level 1 of the Depths
 40618 | Depths:1 | Noticed Mara
 40943 | Depths:1 | Noticed Kenran's illusion
 40996 | Depths:1 | Killed Mara
 41299 | Depths:1 | Received a gift from Okawaru
 41486 | Depths:1 | Found a blossoming altar of Fedhas.
 41500 | Depths:1 | Noticed a juggernaut
 41518 | Depths:1 | Killed a juggernaut
 41519 | Depths:1 | Reached skill level 17 in Shields
 41738 | Depths:1 | Identified the +5 demon blade of Debt {elec, Str+5 Dex+2}
 41764 | Depths:1 | Found a gateway to Hell.
 42037 | Depths:2 | Received a gift from Okawaru
 42055 | Depths:2 | Found a shimmering blue altar of Sif Muna.
 42057 | Depths:2 | Noticed a juggernaut
 42075 | Depths:2 | Killed a juggernaut
 42096 | Depths:2 | HP: 39/201 [quicksilver dragon/bolt of dispelling energy
                  | (28)]
 42102 | Depths:2 | HP: 48/201 [frost giant/bolt of cold (7)]
 42107 | Depths:2 | HP: 35/201 [frost giant/bolt of cold (15)]
 42115 | Depths:2 | HP: 37/201 [deep troll (2)]
 42122 | Depths:2 | HP: 26/201 [iron troll (4)]
 42277 | Depths:2 | Reached skill level 14 in Invocations
 42299 | Depths:2 | Reached skill level 13 in Evocations
 42409 | Depths:2 | You add the spells Passwall, Ensorcelled Hibernation and
                  | Swiftness to your library.
 42897 | Depths:2 | Found a one-way gate leading to the halls of Pandemonium.
 42981 | Depths:2 | Found a portal to a secret trove of treasure.
 43089 | Depths:2 | This trove needs 17 potions of curing to function. Give it
                  | the items?
 43297 | D:11     | Killed Zouniz Rihu's ghost
 43314 | D:11     | Acquired 983 gold pieces
 43562 | Depths:2 | Found a one-way gateway to a ziggurat.
 43621 | Depths:2 | Reached skill level 18 in Shields
 43973 | Depths:3 | Found Gozag's Antique Weapon Shop.
 44115 | Depths:3 | Received a gift from Okawaru
 44118 | Depths:3 | b - a +1 vampiric double sword {rare}
 44136 | Depths:3 | Found Wavvosch's Book Shop.
 44175 | Depths:3 | Found Gozag's Assorted Antiques.
 44180 | Depths:3 | Found an opulent altar of Gozag.
 44181 | Depths:3 | Noticed a golden dragon
 44183 | Depths:3 | Bought a scroll of teleportation for 300 gold pieces
 44189 | Depths:3 | Found Gozag's Antique Armour Shop.
 44200 | Depths:3 | Bought a pair of glowing boots for 750 gold pieces
 44259 | Depths:3 | Identified the +0 sling of Perfectionism {drain, rC+ MP+9
                  | Str+7 Int-2}
 44377 | Depths:3 | Reached skill level 14 in Evocations
 44398 | Depths:3 | +0 storm dragon scales {rare}; a storm dragon corpse
 44411 | Depths:3 | +0 storm dragon scales {rare}; a storm dragon corpse
 44415 | Depths:3 | Paralysed by a floating eye for 3 turns
 44475 | Depths:3 | +0 storm dragon scales {rare}; a storm dragon corpse
 44580 | Depths:3 | +0 storm dragon scales {rare}; a storm dragon corpse
 44589 | Depths:3 | +0 storm dragon scales {rare}; a storm dragon corpse
 44607 | Depths:3 | +0 storm dragon scales {rare}; a storm dragon corpse
 44607 | Depths:3 | e - +0 storm dragon scales {rare}
 44608 | Depths:3 | You drop +0 storm dragon scales {rare}.
 44859 | Depths:3 | Noticed a golden dragon
 44875 | Depths:3 | Killed a golden dragon
 44876 | Depths:3 | Reached XP level 22. HP: 138/209 MP: 31/31
 44884 | Depths:3 | Received a gift from Okawaru
 44885 | Depths:3 | Reached skill level 15 in Evocations
 44900 | Depths:3 | Acquired 926 gold pieces
 45595 | Depths:3 | Killed a golden dragon
 45813 | Depths:4 | Entered Level 4 of the Depths
 45859 | Depths:4 | Reached skill level 21 in Fighting
 46078 | Depths:4 | Noticed a caustic shrike
 46082 | Depths:4 | Noticed a caustic shrike
 46082 | Depths:4 | Noticed a caustic shrike
 46084 | Depths:4 | Killed a caustic shrike
 46092 | Depths:4 | Killed a caustic shrike
 46100 | Depths:4 | Killed a caustic shrike
 46258 | Depths:4 | Identified +6 gold dragon scales
 46258 | Depths:4 | Noticed Parghit
 46331 | Arena    | Entered the Arena
 46361 | Arena    | Killed Parghit
 46361 | Arena    | Identified the +6 plate armour of Tomorrow {-Cast rF++
                  | rCorr Str+3} (Okawaru gifted it to you in the Arena)
 46361 | Arena    | Received a gift from Okawaru
 46362 | Arena    | Reached skill level 22 in Fighting
 46363 | Arena    | 5 large rocks {=f}; +6 gold dragon scales {rare}; the troll
                  | corpse of Parghit
 46365 | Arena    | 5 large rocks {=f}; +6 gold dragon scales {rare}; the troll
                  | corpse of Parghit
 46365 | Arena    | e - +6 gold dragon scales {rare}
 46374 | Arena    | You finish taking off your +6 crystal plate armour {rare}.
 46379 | Depths:4 | You finish putting on your +6 gold dragon scales {rare}.
 46456 | Depths:4 | You finish taking off your +6 gold dragon scales {rare}.
 46461 | Depths:4 | You finish putting on your +6 crystal plate armour {rare}.
 46466 | Depths:4 | You finish taking off your +6 crystal plate armour {rare}.
 46471 | Depths:4 | You finish putting on your +6 gold dragon scales {rare}.
 46471 | Depths:4 | You drop a +6 crystal plate armour {rare}.
 46718 | Depths:4 | You add the spells Lee's Rapid Deconstruction and Statue
                  | Form to your library.
 46948 | Depths:4 | Found a gate to the Realm of Zot.
 47004 | Depths:4 | Noticed a golden dragon
 47023 | Depths:4 | Killed a golden dragon
 47023 | Depths:4 | Identified +0 gold dragon scales
 47025 | Depths:4 | +0 gold dragon scales {rare}; a golden dragon corpse
 47036 | Depths:4 | +0 gold dragon scales {rare}; a golden dragon corpse
 47180 | Depths:4 | You add the spell Dragon Form to your library.
 47217 | Depths:4 | Reached skill level 21 in Armour
 47515 | Depths:4 | Noticed Vv
 47541 | Depths:4 | Killed Vv
 47769 | Depths:3 | Voluntarily entered the Abyss.
 47788 | Abyss:2  | Found a corrupted altar of Lugonu.
 48171 | Abyss:3  | Reached skill level 22 in Armour
 48208 | Abyss:3  | Found a corrupted altar of Lugonu.
 48351 | Depths:3 | You pass through the gate.
 48351 | Depths:3 | Escaped the Abyss
 48403 | Depths:3 | Voluntarily entered the Abyss.
 48415 | Abyss:3  | Reached skill level 13 in Dodging
 48563 | Abyss:3  | Reached XP level 23. HP: 178/178 MP: 32/32
 48575 | Abyss:3  | Found a corrupted altar of Lugonu.
 48652 | Abyss:4  | Found a corrupted altar of Lugonu.
 48745 | Abyss:4  | Received a gift from Okawaru
 48765 | Abyss:4  | Reached skill level 14 in Dodging
 48839 | Abyss:4  | Found a corrupted altar of Lugonu.
 48858 | Abyss:4  | HP: 44/223 [lurking horror (42)]
 48860 | Depths:3 | You pass through the gate.
 48860 | Depths:3 | Escaped the Abyss
 48990 | Depths:3 | Voluntarily entered the Abyss.
 49040 | Abyss:4  | Gained mutation: You are clumsy. (Dex -2) [a neqoxec]
 49189 | Abyss:4  | HP: 33/178 [starcursed mass/accursed screaming (8)]
 49192 | Abyss:4  | HP: 10/178 [starcursed mass/accursed screaming (9)]
 49202 | Abyss:4  | Got an abyssal rune of Zot
 49253 | Abyss:4  | HP: 39/178 [hellwing (3)]
 49263 | Depths:3 | You pass through the gate.
 49263 | Depths:3 | Escaped the Abyss
 49416 | Zot:1    | Entered Level 1 of the Realm of Zot
 49464 | Zot:1    | Noticed a curse toe
 49555 | Zot:1    | Received a gift from Okawaru
 49560 | Depths:4 | HP: 41/223 [quicksilver dragon/bolt of dispelling energy
                  | (50)]
 49751 | Zot:1    | Noticed an electric golem
 49771 | Depths:4 | Killed an electric golem
 49827 | Zot:1    | Noticed a curse toe
 49833 | Depths:4 | HP: 46/334 [??? (43)]
 49839 | Depths:4 | HP: 46/334 [wandering mushroom[a curse toe] (4)]
 49840 | Depths:4 | Killed a curse toe
 50428 | Depths:4 | Killed a curse toe
 50430 | Depths:4 | quicksilver dragon scales {rare}; a +0 cloak
 50588 | Zot:1    | Reached skill level 23 in Armour
 50588 | Zot:1    | Reached skill level 16 in Evocations
 50802 | Zot:1    | You add the spells Ozocubu's Armour and Metabolic
                  | Englaciation to your library.
 51473 | Zot:2    | Identified +0 gold dragon scales
 51475 | Zot:2    | +0 gold dragon scales {rare}; a golden dragon corpse
 51585 | Zot:2    | Found the +4 dragonskin cloak
 51585 | Zot:2    | Tiamat, Avatar of the Dragonlord comes into view. She is
                  | wielding a +2 demon trident of flaming and wearing the +4
                  | dragonskin cloak.
 51585 | Zot:2    | Noticed Tiamat
 51622 | Zot:2    | Here: Tiamat, wielding a +2 demon trident of flaming and
                  | wearing the +4 dragonskin cloak
 51622 | Zot:2    | Here: Tiamat, wielding a +2 demon trident of flaming and
                  | wearing the +4 dragonskin cloak
 51679 | Zot:1    | magus.rc [v1.11.6]
 51985 | Zot:2    | magus.rc [v1.11.6]
 52135 | Zot:2    | Found a corrupted altar of Lugonu.
 52825 | Zot:2    | Reached skill level 15 in Dodging
 53034 | Zot:2    | magus.rc [v1.11.6]
 53501 | Zot:2    | Reached skill level 19 in Shields
 53751 | Zot:2    | Here: Tiamat, wielding a +2 demon trident of flaming and
                  | wearing the +4 dragonskin cloak (catching her breath)
 53799 | Zot:1    | magus.rc [v1.11.6]
 54499 | Zot:1    | Aim: Tiamat, wielding a +2 demon trident of flaming and
                  | wearing the +4 dragonskin cloak (catching her breath)
 54499 | Zot:1    | Aim: Tiamat, wielding a +2 demon trident of flaming and
                  | wearing the +4 dragonskin cloak (catching her breath)
 54499 | Arena    | Entered the Arena
 54528 | Arena    | Aim: Tiamat, wielding a +2 demon trident of flaming and
                  | wearing the +4 dragonskin cloak (severely wounded, strong,
                  | catching her breath, 76% to hit)
 54528 | Arena    | Aim: Tiamat, wielding a +2 demon trident of flaming and
                  | wearing the +4 dragonskin cloak (severely wounded, strong,
                  | catching her breath, 76% to hit)
 54528 | Arena    | HP: 40/223 [Tiamat/+2 demon trident of flaming (48)]
 54530 | Arena    | HP: 1/223 [Tiamat/+2 demon trident of flaming (42)]
 54530 | Arena    | Mangled by Tiamat

Vanquished Creatures
  Mara (Depths:1)
  2 juggernauts
  Sojobo (Vaults:3)
  Parghit (Arena)
  Vv (Depths:4)
  Bai Suzhen (Vaults:4)
  2 curse toes (Depths:4)
  3 caustic shrikes (Depths:4)
  5 golden dragons
  3 bone dragons
  An electric golem (Depths:4)
  2 hellephants (Abyss:4)
  Zenata (D:14)
  5 tentacled monstrosities
  A walking crystal tome (Depths:2)
  A lich (Abyss:3)
  4 quicksilver dragons
  A shard shrike skeleton (Abyss:3)
  A walking divine tome (Depths:3)
  An ancient champion (Vaults:3)
  2 sphinxes
  An Executioner (Abyss:3)
  10 tentacled starspawn
  4 death cobs (Zot:1)
  3 shadow dragons
  A thorn hunter (Swamp:3)
  4 storm dragons
  4 tengu reavers
  2 draconian monks
  A revenant (Abyss:3)
  2 draconian knights (Zot:1)
  14 vault wardens
  2 nagarajas
  6 fire giants
  3 frost giants
  2 balrugs
  A caustic shrike zombie (Abyss:3)
  3 draconian scorchers
  2 iron dragons
  4 draconian stormcallers
  4 ghouls (Swamp:2)
  4 ghost moths
  4 orc warlords
  A juggernaut zombie (Depths:2)
  26 very ugly things
  A reaper (Depths:3)
  A quicksilver ooze (Vaults:3)
  13 stone giants
  2 draconian shifters (Zot:1)
  5 spriggan defenders
  17 ironbound preservers
  10 ironbound thunderhulks
  A juggernaut skeleton (Depths:1)
  2 war gargoyles
  2 vampire knights
  8 green draconians
  2 eleionomae (Swamp:2)
  12 dire elephants (Vaults:2)
  3 bunyips
  6 yellow draconians
  Azrael (Snake:1)
  5 red draconians
  17 starcursed masses
  11 black draconians
  A spark wasp (Depths:3)
  6 purple draconians
  The ghost of dogaso222 the Unforgettable, a journeyman DsGl of Hepliaklqana (Lair:4)
  4 white draconians
  2 eidola (Vaults:1)
  An ettin (shapeshifter) (Abyss:3)
  2 blizzard demons (IceCv)
  Snorg (D:12)
  3 crystal guardians (Vaults:4)
  7 fire dragons
  8 ettins
  A merfolk javelineer (Abyss:4)
  An entropy weaver (Vaults:4)
  16 yaktaur captains
  10 great orbs of eyes
  18 hydras
  3 rakshasas
  Fannar (D:9)
  7 vault guards
  Harold (D:9)
  The ghost of Plog the Tainter, a journeyman DgVM (D:12)
  Erolcha (D:9)
  An ogre mage (Vaults:1)
  2 peacekeepers (Vaults:4)
  8 spriggan air magi
  10 ice dragons
  The ghost of Iplucs the Ripper, a journeyman FeBe of Trog (D:13)
  8 ironbound frosthearts
  3 ghost crabs
  6 salamander tyrants
  10 centaur warriors
  11 boulder beetles
  2 catoblepae
  10 two-headed ogres
  7 alligators
  10 anacondas
  The ghost of Zouniz Rihu the Cleaver, a novice DDFi of Makhleb (D:11)
  3 death yaks (Lair:4)
  7 deep troll earth magi
  11 naga warriors
  6 tengu warriors
  A vampire mage (Vaults:3)
  8 deep troll shamans
  3 hell hogs (Abyss:2)
  A shock serpent (Snake:4)
  5 spriggan berserkers
  8 naga sharpshooters
  14 thrashing horrors
  3 sun demons
  Nergalle (Lair:3)
  5 skeletal warriors
  A soul eater (Depths:3)
  6 wretched stars
  6 iron trolls
  2 goliath frogs
  A spatial maelstrom (Abyss:3)
  A sixfirhy (Depths:4)
  3 salamander mystics (Snake:4)
  A skyshark (Lair:5)
  A sea snake (Snake:3)
  10 glowing orange brains
  2 shadow demons
  46 deep trolls
  2 spriggan druids
  5 bog bodies
  16 ironbound convokers
  3 swamp dragons
  An obsidian statue (IceCv)
  A phantasmal warrior (Vaults:4)
  6 naga ritualists
  14 orc knights
  A tengu zombie (Depths:2)
  2 flayed ghosts
  10 spriggan simulacra
  4 lindwurms
  Pikel (D:5)
  2 harpies (Vaults:1)
  6 deep elf pyromancers
  8 mana vipers
  5 wizards
  A fire giant zombie (Depths:1)
  6 necromancers
  A sphinx zombie (Depths:2)
  9 deep elf zephyrmancers
  A frost giant zombie (Depths:2)
  A sphinx skeleton (Depths:2)
  6 cyclopes
  4 manticores
  5 will-o-the-wisps
  12 moths of wrath
  32 ugly things
  20 salamanders
  An elephant (shapeshifter) (D:14)
  A centaur zombie (D:15)
  An orc sorcerer (Orc:1)
  3 worldbinders
  27 black mambas
  3 rust devils
  19 vault sentinels
  10 guardian serpents
  2 toenail golems (D:11)
  8 naga magi
  3 elephants (Lair:4)
  3 apocalypse crabs
  A black mamba (shapeshifter) (Lair:5)
  7 smoke demons
  2 orange demons
  2 gargoyles
  2 unseen horrors (D:12)
  12 cane toads
  3 centaur skeletons
  7 kobold demonologists (D:12)
  4 rime drakes
  45 yaktaurs
  An anaconda simulacrum (IceCv)
  8 freezing wraiths
  2 efreet
  4 komodo dragons
  3 tengu conjurers
  10 ice devils
  A queen bee (shapeshifter) (Abyss:3)
  10 ancient zymes
  A silent spectre (Abyss:4)
  A golden dragon simulacrum (IceCv)
  15 trolls
  A red devil (Lair:5)
  A merfolk (D:13)
  A harpy zombie (Abyss:1)
  A polar bear (Lair:5)
  2 hellwings
  11 hornets
  9 tyrant leeches
  A blink frog (shapeshifter) (D:14)
  6 raiju
  25 blink frogs
  An iron dragon simulacrum (Depths:2)
  A meliai zombie (D:15)
  5 dream sheep (Lair:5)
  Sigmund (D:3)
  2 frost giant simulacra
  10 spriggans
  2 water elementals (D:15)
  5 fire elementals
  4 wraiths
  A vampire (D:12)
  4 ynoxinuls
  A spriggan skeleton (Depths:1)
  5 wyverns
  41 slime creatures
  20 yaks
  A yak (shapeshifter) (Lair:5)
  A dire elephant simulacrum (IceCv)
  6 neqoxecs
  22 small abominations
  7 chaos spawn
  Menkaure (D:4)
  3 basilisks
  A steam dragon (D:7)
  A redback (shapeshifter) (Depths:3)
  4 swamp worm simulacra (Swamp:4)
  15 vampire mosquitoes
  12 wargs
  7 minotaur simulacra (IceCv)
  2 spatial vortices
  A naga (shapeshifter) (Depths:4)
  15 nagas
  13 swamp worms
  17 large abominations
  11 hell hounds
  14 water moccasins
  15 hydra simulacra
  A floating eye (Depths:3)
  2 acid dragons
  A floating eye (shapeshifter) (D:15)
  3 swamp drakes
  3 ice beasts
  A glowing shapeshifter skeleton (Depths:2)
  3 black bears
  41 orc warriors
  5 ogres
  7 wolves
  2 ettin simulacra (IceCv)
  A phantom (D:5)
  19 centaurs
  3 kobold brigands
  A bullfrog (shapeshifter) (D:13)
  11 bullfrogs
  4 gnoll sergeants
  2 scorpions
  10 deep troll simulacra (IceCv)
  A hornet simulacrum (D:15)
  10 wights
  6 killer bees (D:11)
  2 lindwurm simulacra (IceCv)
  12 howler monkeys
  3 electric eels
  A jelly (D:8)
  A quasit (Abyss:1)
  22 orc priests
  2 hounds (D:5)
  An iron imp (Abyss:1)
  2 iguanas
  14 orc wizards
  8 adders
  20 gnolls
  4 white imps
  6 ufetubi
  4 swamp drake simulacra (Swamp:4)
  2 worms
  A dart slug (D:3)
  81 orcs
  14 ball pythons
  10 bats
  11 endoplasms
  6 giant cockroaches (Sewer)
  6 goblins
  5 hobgoblins
  A jackal (D:1)
  20 kobolds
  5 quokkas
  15 frilled lizards
  2 rats (D:1)
  3 lurking horrors (Abyss:4)
  7 starspawn tentacles
1774 creatures vanquished.

Vanquished Creatures (others)
  Vashnia (Snake:4)
  A ghost crab (Swamp:4)
  A goliath frog (Swamp:4)
  A wizard (Vaults:3)
  A tyrant leech (Swamp:4)
  A blink frog (Lair:5)
  A swamp worm (Swamp:4)
  An orc warrior (Orc:2)
  2 orcs (D:12)
  A bush (Lair:1)
  17 foxfires
  21 fungi
  2 lurking horrors (Zot:2)
  38 plants
  20 starspawn tentacles
  2 withered plants (D:12)
111 creatures vanquished.

Grand Total: 1885 creatures vanquished

Table legend:
 A = Non-vault XP
 B = Vault XP
 C = Vault XP percentage of total XP
 D = Non-vault monster count
 E = Vault monster count
 F = Vault count percentage of total count
                 A         B        C        D         E       F
            +---------+---------+-------+---------+---------+-------
      Total |  573770 |  337507 |  37.0 |    1136 |     631 |  35.7
            +---------+---------+-------+---------+---------+-------
        D:1 |      26 |       8 |  23.5 |      15 |       4 |  21.1
        D:2 |      37 |       0 |   0.0 |      13 |       0 |   0.0
        D:3 |     206 |     231 |  52.9 |      25 |       1 |   3.8
        D:4 |     627 |     183 |  22.6 |      11 |       1 |   8.3
        D:5 |    1928 |     617 |  24.2 |      35 |       1 |   2.8
        D:6 |     504 |       6 |   1.2 |      16 |       2 |  11.1
        D:7 |    1699 |       0 |   0.0 |      28 |       0 |   0.0
        D:8 |     776 |       0 |   0.0 |      14 |       0 |   0.0
        D:9 |    1563 |    2616 |  62.6 |      27 |       3 |  10.0
       D:10 |    1730 |       0 |   0.0 |      13 |       0 |   0.0
       D:11 |    2796 |    3015 |  51.9 |      19 |       7 |  26.9
       D:12 |    4705 |   25958 |  84.7 |      22 |      71 |  76.3
       D:13 |    8413 |    1154 |  12.1 |      16 |       2 |  11.1
       D:14 |    7276 |    7283 |  50.0 |      12 |      10 |  45.5
       D:15 |   18163 |    3838 |  17.4 |      31 |       9 |  22.5
     Lair:1 |    2474 |    1394 |  36.0 |       7 |       7 |  50.0
     Lair:2 |    5321 |    3061 |  36.5 |      15 |       9 |  37.5
     Lair:3 |    1968 |    1119 |  36.2 |       8 |       2 |  20.0
     Lair:4 |    7404 |     971 |  11.6 |      19 |       1 |   5.0
     Lair:5 |   13661 |   11282 |  45.2 |      43 |      38 |  46.9
    Swamp:1 |   11555 |       0 |   0.0 |      26 |       0 |   0.0
    Swamp:2 |   13731 |       0 |   0.0 |      20 |       0 |   0.0
    Swamp:3 |    9644 |    2834 |  22.7 |      17 |       5 |  22.7
    Swamp:4 |    7248 |    7369 |  50.4 |      11 |      30 |  73.2
    Snake:1 |   10875 |    2416 |  18.2 |      22 |       9 |  29.0
    Snake:2 |   11286 |       0 |   0.0 |      21 |       0 |   0.0
    Snake:3 |    6026 |       0 |   0.0 |      12 |       0 |   0.0
    Snake:4 |   10864 |   32182 |  74.8 |      21 |      45 |  68.2
      Orc:1 |    3335 |    1843 |  35.6 |      32 |      12 |  27.3
      Orc:2 |    2717 |    9454 |  77.7 |      34 |      41 |  54.7
   Vaults:1 |   28594 |   29007 |  50.4 |      48 |      39 |  44.8
   Vaults:2 |   28808 |   26855 |  48.2 |      43 |      38 |  46.9
   Vaults:3 |   26376 |   21519 |  44.9 |      38 |      26 |  40.6
   Vaults:4 |   49152 |   17829 |  26.6 |      64 |      19 |  22.9
   Depths:1 |   19879 |    7422 |  27.2 |      24 |       5 |  17.2
   Depths:2 |   34225 |   11075 |  24.4 |      39 |      14 |  26.4
   Depths:3 |   30720 |   29210 |  48.7 |      32 |      33 |  50.8
   Depths:4 |   55665 |   22578 |  28.9 |      50 |      21 |  29.6
      Zot:1 |   40428 |    9108 |  18.4 |      34 |       8 |  19.0
      Zot:2 |   15862 |    8840 |  35.8 |      15 |       9 |  37.5
    Abyss:1 |   13879 |       0 |   0.0 |      33 |       0 |   0.0
    Abyss:2 |    5817 |       0 |   0.0 |       9 |       0 |   0.0
    Abyss:3 |   43821 |     897 |   2.0 |      74 |       1 |   1.3
    Abyss:4 |   11986 |   13520 |  53.0 |      28 |      17 |  37.8
      Sewer |       0 |     291 | 100.0 |       0 |      40 | 100.0
      IceCv |       0 |   17196 | 100.0 |       0 |      50 | 100.0
      Arena |       0 |    3326 | 100.0 |       0 |       1 | 100.0
            +---------+---------+-------+---------+---------+-------

Skill      XL: |  1  2  3  4  5  6  7  8  9 10 11 12 13 14 15 16 17 18 19 20 21 22 23 |
---------------+----------------------------------------------------------------------+-----
Maces & Flails | 4 5 6 8 9 10 12 14 15 16 | 16.0
Fighting       | 5 7 9 12 13 15 16 17 19 20 22 | 22.0
Armour         | 4 8 10 11 13 14 16 18 20 22 23 | 23.0
Evocations     | 1 2 4 5 7 8 9 10 12 14 15 16 | 16.0
Invocations    | 3 5 6 8 10 11 12 13 14 | 14.0
Shields        | 2 5 6 8 9 10 11 12 14 16 18 19 | 19.0
Dodging        | 5 8 10 12 13 15 | 15.4
Long Blades    | 5 14 16 | 16.0

Action                     |  1- 3 |  4- 6 |  7- 9 | 10-12 | 13-15 | 16-18 | 19-21 | 22-24 || total
---------------------------+-------+-------+-------+-------+-------+-------+-------+-------++-------
  Melee: Mace              |    49 |    39 |    37 |       |       |  1009 |       |       ||  1134
         Headbutt          |    10 |    17 |    71 |   156 |   325 |   570 |   638 |   474 ||  2261
         Spear             |     4 |    44 |     3 |       |       |       |       |       ||    51
         Flail             |       |       |   257 |   570 |  1156 |   663 |       |       ||  2646
         Unarmed           |       |       |       |     4 |       |       |       |       ||     4
         Double sword      |       |       |       |       |       |   341 |  1850 |  1482 ||  3673
 Invoke: Heroism           |       |       |       |       |     1 |     6 |     8 |     5 ||    20
         Finesse           |       |       |       |       |       |       |     1 |     4 ||     5
         Duel              |       |       |       |       |       |       |       |     2 ||     2
  Evoke: Wand              |       |       |       |     3 |     8 |     4 |     9 |    10 ||    34
         Phial of floods   |       |       |       |       |       |       |     1 |       ||     1
    Use: Scroll            |     1 |     7 |     5 |     3 |    15 |    13 |     6 |     4 ||    54
         Potion            |       |     2 |       |     2 |    16 |     5 |    12 |    15 ||    52
   Stab: Distracted        |       |       |       |       |       |     1 |       |     1 ||     2
         Paralysed         |       |       |       |       |       |       |       |     2 ||     2
 Armour: Chain mail        |    23 |    30 |   194 |       |       |       |       |       ||   247
         Skin              |       |     6 |       |       |       |       |       |       ||     6
         Plate armour      |       |       |     3 |   272 |    23 |   346 |       |       ||   644
         Crystal plate arm |       |       |       |       |   770 |   661 |   733 |   106 ||  2270
         Gold dragon scale |       |       |       |       |       |       |       |   502 ||   502
  Dodge: Dodged            |    18 |    31 |   158 |   242 |   483 |   893 |   648 |   564 ||  3037
  Block: Buckler           |       |       |       |    66 |   331 |   358 |       |       ||   755
         Kite shield       |       |       |       |       |       |   612 |  1193 |   896 ||  2701

Illustrated notes

Table legend:
 A = Kills in this place as a percentage of kills in the entire game.
 B = Kills by you in this place as a percentage of kills by you in the entire game.
 C = Kills by friends in this place as a percentage of kills by friends in the entire game.
 D = Other kills in this place as a percentage of other kills in the entire game.
 E = Experience gained in this place as a percentage of experience gained in the entire game.
 F = Experience gained in this place divided by the number of levels of this place that you have seen.
                   A       B       C       D       E      F
               +-------+-------+-------+-------+-------+----------------------
         Total | 100.0 | 100.0 |   N/A | 100.0 | 100.0 | 17193.9
       Dungeon |  23.1 |  23.2 |   N/A |   0.0 |  10.5 | 6357.2
          Lair |   8.4 |   8.4 |   N/A |  20.0 |   5.3 | 9731.0
         Swamp |   6.2 |   6.2 |   N/A |   0.0 |   5.7 | 13095.2
     Snake Pit |   7.4 |   7.3 |   N/A |  20.0 |   8.1 | 18412.2
  Orcish Mines |   6.7 |   6.7 |   N/A |  20.0 |   1.9 | 8674.5
        Vaults |  17.8 |  17.8 |   N/A |  20.0 |  25.0 | 57035.0
        Depths |  12.3 |  12.4 |   N/A |   0.0 |  23.1 | 52693.5
           Zot |   3.7 |   3.7 |   N/A |   0.0 |   8.1 | 37119.0
         Abyss |   9.2 |   9.1 |   N/A |  20.0 |   9.9 | 11240.0
         Sewer |   2.3 |   2.3 |   N/A |   0.0 |   0.0 | 291.0
      Ice Cave |   2.8 |   2.8 |   N/A |   0.0 |   1.9 | 17196.0
         Arena |   0.1 |   0.1 |   N/A |   0.0 |   0.4 | 1663.0
               +-------+-------+-------+-------+-------+----------------------

Table legend: (Time is in decaauts)
 A = Elapsed time spent in this place.
 B = Non-inter-level travel time spent in this place.
 C = Inter-level travel time spent in this place.
 D = Time resting spent in this place.
 E = Time spent auto-exploring this place.
 F = Levels seen in this place.
 G = Mean time per level.
                   A        B        C        D        E       F      G
               +--------+--------+--------+--------+--------+-----+--------+
         Total |  53175 |  49851 |   3324 |   9134 |  24785 |  53 | 1003.3 |
       Dungeon |  15237 |  14099 |   1138 |   1282 |   9520 |  15 | 1015.8 |
        Temple |     79 |     64 |     15 |      0 |     29 |   1 |   79.0 |
          Lair |   6191 |   5677 |    514 |    588 |   3655 |   5 | 1238.2 |
         Swamp |   3660 |   3403 |    257 |    539 |   1642 |   4 |  915.0 |
     Snake Pit |   4584 |   4225 |    359 |    603 |   2223 |   4 | 1146.0 |
  Orcish Mines |   1922 |   1819 |    103 |    291 |    927 |   2 |  961.0 |
        Vaults |   6763 |   6449 |    314 |    991 |   3401 |   4 | 1690.8 |
        Depths |   7464 |   7050 |    414 |   2467 |   2454 |   4 | 1866.0 |
           Zot |   3867 |   3661 |    206 |   1627 |    386 |   2 | 1933.5 |
         Abyss |   2225 |   2225 |      0 |    566 |    259 |   8 |  278.1 |
         Sewer |    278 |    278 |      0 |      0 |      9 |   1 |  278.0 |
      Ice Cave |    850 |    850 |      0 |    177 |    279 |   1 |  850.0 |
         Arena |     51 |     51 |      0 |      0 |      0 |   2 |   25.5 |
               +--------+--------+--------+--------+--------+-----+--------+

Top non-repeatable levels by time:
Depths:4: 2950 daAuts
   Zot:1: 2277 daAuts
Vaults:1: 2054 daAuts
    D:15: 2030 daAuts
Depths:3: 2010 daAuts
    D:12: 2007 daAuts
  Lair:5: 1941 daAuts
Vaults:2: 1771 daAuts
Depths:2: 1708 daAuts
     D:5: 1594 daAuts
   Zot:2: 1589 daAuts
 Snake:4: 1513 daAuts
Vaults:3: 1489 daAuts
Vaults:4: 1448 daAuts
 Snake:3: 1316 daAuts
